 Dungeon Crawl Stone Soup version 0.19.1 (webtiles) character file.

201 Aksej the Slasher (level 5, -2/39 HPs)
             Began as a Demonspawn Gladiator on Dec 11, 2016.
             Slain by asegelite's ghost (6 damage)
             ... on level 3 of the Dungeon.
             The game lasted 00:05:14 (2047 turns).

Aksej the Slasher (Demonspawn Gladiator)            Turns: 2047, Time: 00:05:14

Health: -2/39      AC:  6    Str: 15    XL:     5   Next: 50%
Magic:  5/5        EV: 13    Int:  9    God:
Gold:   169        SH:  0    Dex: 15    Spells: 0 memorised, 4 levels left

rFire  + . .     SeeInvis .     a - +1 long sword
rCold  . . .     Gourm    .     e - +2 leather armour {rPois}
rNeg   . . .     Faith    .     (no shield)
rPois  +         Spirit   .     c - +0 helmet
rElec  .         Reflect  .     (no cloak)
rCorr  .         Harm     .     (no gloves)
MR     .....                    (boots unavailable)
Stlth  +.........               (no amulet)
                                (no ring)
                                (no ring)

@: exhausted, about to teleport, slowed, very slow
A: hooves 3, fire resistance 1
a: no special abilities


You were on level 3 of the Dungeon.
You were not hungry.

You visited 1 branch of the dungeon, and saw 3 of its levels.

You collected 169 gold pieces.

Inventory:

Hand Weapons
 a - a +1 long sword (weapon)
Missiles
 d - 3 throwing nets (quivered)
Armour
 c - a +0 helmet (worn)
 e - a +2 leather armour of poison resistance (worn)
Scrolls
 h - 2 scrolls of enchant weapon
 n - a scroll of teleportation
Comestibles
 b - 3 meat rations
 f - 3 bread rations
 g - 3 chunks of flesh


   Skills:
 + Level 2.5 Fighting
 * Level 4.9 Long Blades
 + Level 1.8 Throwing
 + Level 1.4 Armour
 + Level 3.1 Dodging


You had 4 spell levels left.
You didn't know any spells.

Dungeon Overview and Level Annotations

Branches:
Dungeon (3/15)

Altars:

Annotations:
D:3 asegelite's ghost, amateur MiMo


Innate Abilities, Weirdness & Mutations

You have hooves in place of feet.
Your flesh is heat resistant. (rF+)


Message History

You are no longer berserk.
You are exhausted.
You feel yourself slow down.
You slash asegelite's ghost! You kick asegelite's ghost.
Asegelite's ghost is moderately damaged.
Asegelite's ghost hits you.
* * * LOW HITPOINT WARNING * * *
Asegelite's ghost hits you.
* * * LOW HITPOINT WARNING * * *
You hit asegelite's ghost. You kick asegelite's ghost.
Asegelite's ghost is heavily damaged.
Asegelite's ghost hits you but does no damage.
Asegelite's ghost misses you.
You riposte.
You closely miss asegelite's ghost.
Asegelite's ghost is heavily damaged.
You aren't carrying any potions.
As you read the scroll of teleportation, it crumbles to dust.
You feel strangely unstable. Asegelite's ghost hits you.
* * * LOW HITPOINT WARNING * * *
Asegelite's ghost hits you.
You die...

..............>.....
#.#....#........#...##
#.#...................
#.#...................
#(.....#.......<....## #
#...........#...#.....
#.#....#.#.####.#.......
#......W$#......#.######
#.....)@.......##.######
#.......)...............
#.....).#......##..####.
#.......#......###....#
#.......#......# #....#
#.......#......# #....#
#.......######## #....#
#........ #....#
####..... #....#


You could see asegelite's ghost.

Vanquished Creatures
  An orc priest (D:3)
  Ijyb (D:2)
  A worker ant (D:3)
  4 gnolls (D:2)
  An adder (D:2)
  4 worms
  A dart slug (D:1)
  A leopard gecko (D:1)
  2 orcs (D:3)
  6 giant cockroaches
  3 goblins
  5 hobgoblins
  8 jackals
  7 kobolds
  3 quokkas
  7 bats
  2 frilled lizards
  2 rats
59 creatures vanquished.

Vanquished Creatures (others)
  A goblin (D:1)
  A hobgoblin (D:1)
  A rat (D:1)
3 creatures vanquished.

Grand Total: 62 creatures vanquished

Notes
Turn   | Place    | Note
-------+----------+-------------------------------------------
     0 | D:1      | Aksej the Demonspawn Gladiator began the quest for the Orb.
     0 | D:1      | Reached XP level 1. HP: 16/16 MP: 1/1
   497 | D:1      | Gained mutation: Your flesh is heat resistant. (rF+) [demonic ancestry]
   497 | D:1      | Reached XP level 2. HP: 19/22 MP: 2/2
   527 | D:1      | Reached skill level 3 in Long Blades
  1185 | D:1      | Gained mutation: You have large cloven feet. [demonic ancestry]
  1185 | D:1      | Reached XP level 3. HP: 18/27 MP: 3/3
  1473 | D:2      | Noticed Ijyb
  1495 | D:2      | Killed Ijyb
  1495 | D:2      | Gained mutation: You have hoof-like feet. [demonic ancestry]
  1495 | D:2      | Reached XP level 4. HP: 33/33 MP: 4/4
  1503 | D:2      | Reached skill level 4 in Long Blades
  1583 | D:2      | Reached skill level 1 in Armour
  1838 | D:2      | Gained mutation: You have hooves in place of feet. [demonic ancestry]
  1838 | D:2      | Reached XP level 5. HP: 29/39 MP: 5/5
  2038 | D:3      | Noticed asegelite's ghost (amateur MiMo)
  2047 | D:3      | Slain by asegelite's ghost

Skill      XL: |  1  2  3  4 |
---------------+-------------+-----
Long Blades    | 3 4 |  4.9
Dodging        | 3 |  3.1
Armour         | 1 |  1.4
Fighting       | |  2.5
Throwing       | |  1.8

Action                   |  1- 3 |  4- 6 || total
-------------------------+-------+-------++-------
Melee: Long sword        |   103 |    74 ||   177
       Kick              |    12 |    27 ||    39
Throw: Throwing net      |     1 |       ||     1
  Use: Scroll            |     2 |     5 ||     7
       Potion            |     1 |     5 ||     6
 Stab: Held in net/web   |     1 |       ||     1
       Sleeping          |     1 |       ||     1
  Eat: Chunk             |     2 |     2 ||     4
Armor: Leather armour    |    36 |    17 ||    53
Dodge: Dodged            |    89 |    51 ||   140
       Rpst.: Long sword |    28 |    20 ||    48
